 Dungeon Crawl Stone Soup version 0.20-a0-210-gd6c29eb (webtiles) character file.

104190 Gorice the Warrior (level 15, -5/116 HPs)
             Began as a High Elf Air Elementalist on Nov 24, 2016.
             Was an Elder of Sif Muna.
             Killed from afar by a frost giant (46 damage)
             ... with a bolt of cold
             ... on level 15 of the Dungeon on Nov 26, 2016.
             The game lasted 03:21:34 (28656 turns).

Gorice the Warrior (High Elf Air Elementalist)     Turns: 28656, Time: 03:21:34

Health: -5/116     AC: 17    Str: 12    XL:     15   Next: 91%
Magic:  29/29      EV: 24    Int: 26    God:    Sif Muna [****..]
Gold:   1266       SH:  2    Dex: 20    Spells: 13/32 levels left

rFire  . . .     SeeInvis .     b - +11 arbalest of Trauma {freeze, Str+5}
rCold  . . .     Gourm    .     f - +2 troll leather armour {Snorg}
rNeg   . . .     Faith    .     (shield currently unavailable)
rPois  +         Spirit   .     B - +1 helmet {Int+3}
rElec  .         Reflect  +     x - +1 cloak
rCorr  .         Harm     .     N - +2 pair of gloves {archery}
MR     ++...                    P - +2 pair of boots {Stlth+}
Stlth  +++.......               u - +2 amulet of reflection
                                p - ring of poison resistance
                                W - ring of protection from magic

@: repel missiles
A: no striking features
a: Divine Energy, Channel Magic, Forget Spell, Renounce Religion


You were on level 15 of the Dungeon.
You worshipped Sif Muna.
Sif Muna was greatly pleased with you.
You were not hungry.

You visited 4 branches of the dungeon, and saw 24 of its levels.
You also visited: Labyrinth and Ossuary.

You collected 2789 gold pieces.
You spent 1523 gold pieces at shops.

Inventory:

Hand Weapons
 a - a +1 falchion of electrocution
   (You took it off an orc on level 12 of the Dungeon)
 b - the +11 arbalest of Trauma (weapon) {freeze, Str+5}
   (You acquired it on level 7 of the Dungeon)

   It causes projectiles fired from it to freeze those they strike, causing
   extra injury to most foes and up to half again as much damage against
   particularly susceptible opponents.
   They can also slow down cold-blooded creatures.
   It affects your strength (+5).
Missiles
 g - 348 bolts (quivered)
 Y - 3 throwing nets
Armour
 f - a +2 troll leather armour (worn) {Snorg}
 x - a +1 cloak (worn)
 B - a +1 helmet of intelligence (worn)
   (You found it on level 3 of the Lair of Beasts)
 C - +0 steam dragon scales
 N - a +2 pair of gloves of archery (worn)
   (You bought it in a shop on level 2 of the Orcish Mines)
 P - a +2 pair of boots of stealth (worn)
   (You bought it in a shop on level 6 of the Dungeon)
Rods
 X - a +0 rod of clouds (10/10) {!a}
   (You found it on level 9 of the Dungeon)
Jewellery
 h - an uncursed ring of fire
 i - an uncursed ring of see invisible
 n - an uncursed amulet of guardian spirit
 p - a ring of poison resistance (right hand)
 q - an uncursed ring of resist corrosion
 u - a +2 amulet of reflection (around neck)
 F - an uncursed ring of protection from magic
 J - an uncursed ring of wizardry
 W - a ring of protection from magic (left hand)
Wands
 k - a wand of disintegration (10/24)
 o - a wand of polymorph (18/24)
 E - a wand of paralysis (6/24)
 G - a wand of enslavement (11/24)
 M - a wand of heal wounds (5/9) {!d}
 S - a wand of acid (6/15)
 V - a wand of iceblast (3/15)
Scrolls
 d - 4 scrolls of recharging
 j - 2 scrolls of magic mapping {!r}
 m - 5 scrolls of remove curse
 v - 4 scrolls of identify
 w - 3 scrolls of teleportation {!r}
 H - a scroll of silence {!r}
 I - 2 scrolls of blinking
Potions
 e - a potion of brilliance {!q}
 l - 7 potions of agility {!q}
 r - a potion of might {!q}
 s - 13 potions of curing
 t - 2 potions of cancellation {!q}
 z - 2 potions of ambrosia
 D - a potion of resistance {!q}
 K - 4 potions of haste {!q}
 L - 3 potions of magic {!q}
Books
 Q - a book of the Sky
 U - a book of Frost
Miscellaneous
 y - a phantom mirror
Comestibles
 c - 15 bread rations {!e}
 A - a royal jelly
 O - 22 fruits
 R - 4 chunks of flesh
 T - a meat ration {!e}


   Skills:
 - Level 15.0 Fighting
 + Level 12.7 Crossbows
 - Level 3.0 Armour
 + Level 14.8 Dodging
 - Level 2.1 Stealth
   Level 4.1 Shields
 - Level 9.1 Spellcasting
 - Level 10.0 Conjurations
 - Level 11.1 Air Magic


You had 13 spell levels left.
You knew the following spells:

 Your Spells              Type           Power        Failure   Level  Hunger
a - Shock                 Conj/Air       ####         1%          1    None
b - Static Discharge      Conj/Air       ######..     1%          3    None
c - Lightning Bolt        Conj/Air       ######....   2%          5    ####...
d - Conjure Flame         Conj/Fire      #####...     2%          3    None
A - Apportation           Tloc           ##........   10%         1    None
J - Blink                 Tloc           N/A          12%         2    None
M - Repel Missiles        Chrm/Air       #####.       1%          2    None
S - Swiftness             Chrm/Air       #####...     1%          2    None


Dungeon Overview and Level Annotations

Branches:
Dungeon (15/15)            Temple (1/1) D:7            Lair (6/6) D:10
  Swamp (0/4) Lair:2       Spider (0/4) Lair:2        Slime (0/5) Lair:5
    Orc (2/2) D:9             Elf (0/3) Orc:2        Vaults (0/5) D:13
 Depths (0/5) D:15

Altars:
Ashenzari
Cheibriados
Dithmenos
Elyvilon
Fedhas
Gozag
Hepliaklqana
Kikubaaqudgha
Makhleb
Nemelex Xobeh
Okawaru
Qazlal
Ru
Sif Muna
Trog
Uskayaw
Vehumet
Xom
Yredelemnul
Zin
The Shining One
Beogh
Jiyva

Shops:
D:6 [   D:8 :   D:14 (   Orc:2 ![?=

Annotations:
D:3 vpUX: window vault
D:6 vpUX: eels guarding loot, exclusion: 3 doors


Message History

Firing (i - inventory. (,) - cycle):
g - 354 bolts (quivered)
Press: ? - help, Shift-Dir - straight line, f/p - frost giant
Aim: a frost giant, wielding a battleaxe of freezing (lightly wounded)
You shoot a bolt. The bolt hits the frost giant!!
The bolt freezes the frost giant.
The frost giant is heavily wounded.
The frost giant hits you with a battleaxe of freezing!!
The frost giant freezes you!
Damage: 35 (max 35) Firing (i - inventory. (,) - cycle):
g - 353 bolts (quivered)
Press: ? - help, Shift-Dir - straight line, f/p - frost giant
Aim: a frost giant, wielding a battleaxe of freezing (moderately wounded)
You shoot a bolt. The bolt hits the frost giant!!
The bolt freezes the frost giant.
The frost giant is severely wounded.
The frost giant closely misses you.
Firing (i - inventory. (,) - cycle):
g - 352 bolts (quivered)
Press: ? - help, Shift-Dir - straight line, f/p - frost giant
Aim: a frost giant, wielding a battleaxe of freezing (severely wounded)
You shoot a bolt. The bolt hits the frost giant!!
The bolt freezes the frost giant.
The frost giant is almost dead.
The frost giant gestures at you while chanting.
The bolt of cold misses you.
Firing (i - inventory. (,) - cycle):
g - 351 bolts (quivered)
Press: ? - help, Shift-Dir - straight line, f/p - frost giant
Aim: a frost giant, wielding a battleaxe of freezing (almost dead)
You shoot a bolt. The bolt barely misses the frost giant.
The frost giant hits you with a battleaxe of freezing!!
* * * LOW HITPOINT WARNING * * *
The frost giant freezes you!
* * * LOW HITPOINT WARNING * * *
Damage: 44 (max 44) Firing (i - inventory. (,) - cycle):
g - 350 bolts (quivered)
Press: ? - help, Shift-Dir - straight line, f/p - frost giant
Aim: a frost giant, wielding a battleaxe of freezing (almost dead)
You shoot a bolt. The bolt hits the frost giant.
The frost giant is almost dead.
The frost giant points at you and mumbles some strange words.
The bolt of cold misses you. The frost giant casts a spell at you.
The bolt of cold is repelled.
Firing (i - inventory. (,) - cycle):
g - 349 bolts (quivered)
Press: ? - help, Shift-Dir - straight line, f/p - frost giant
Aim: a frost giant, wielding a battleaxe of freezing (almost dead)
You shoot a bolt. The bolt hits the frost giant!
The frost giant is almost dead.
The frost giant points at you and mumbles some strange words.
The bolt of cold hits you!
You die...

#≈..#..≈#
##.......##
#.#.#.#.#
##.....##
#.≈.≈.≈.#
##...##
#.≈...≈.#
##'##
#)≈...≈.# #.#
#.##+##.# #.#
#.#.. #.#
##.## #
#.>.#.#
####...##
+..(C@#
#........##
#######
#.###.....###
##..#....
##...###
#####


You could see a frost giant.

Vanquished Creatures
  Rupert (D:15)
  An orc warlord (Orc:1)
  Louise (D:15)
  Snorg (Orc:1)
  The ghost of murphy the Grappler, a journeyman TrWn of Ru (D:12)
  A minotaur (Lab)
  4 vault guards (D:13)
  10 hydras
  Erolcha (Orc:1)
  A queen ant (Lair:2)
  2 centaur warriors
  A death yak (D:8)
  Urug (D:12)
  An orc high priest (Orc:2)
  Sonja (D:12)
  2 unseen horrors
  2 wizards
  A lindwurm (Lair:4)
  5 orc knights
  A wolf spider zombie (D:13)
  7 hill giants
  12 slime creatures
  5 manticores
  5 orc sorcerers
  14 ugly things
  7 oklob plants
  8 cyclopes
  5 elephants (Lair:6)
  5 black mambas
  A torpor snail (Lair:6)
  2 gargoyles
  A kobold demonologist (D:12)
  9 spiny frogs
  5 komodo dragons
  2 yaktaurs
  A freezing wraith (D:13)
  4 rime drakes
  A queen bee (Lair:1)
  5 polar bears
  5 hornets
  6 two-headed ogres
  8 trolls
  A tyrant leech (Lair:2)
  Grinder (D:5)
  21 blink frogs
  6 hippogriffs
  11 dream sheep
  3 shadows
  12 spriggans (Lair:6)
  A vampire (D:8)
  A water elemental (D:14)
  A wraith (D:10)
  32 yaks
  5 wyverns
  Eustachio (D:4)
  A basilisk (Lair:6)
  2 steam dragons
  2 vampire mosquitoes (D:13)
  2 wargs (Orc:2)
  4 acid dragons
  9 soldier ants (Lair:2)
  7 water moccasins
  7 porcupines
  44 orc warriors
  4 ice beasts
  2 necrophages
  An eye of draining (D:13)
  6 black bears
  4 sky beasts
  14 ogres
  4 phantoms
  4 boggarts (Lair:6)
  25 wolves
  20 centaurs
  17 crocodiles
  2 big kobolds
  20 bullfrogs
  A wyvern zombie (D:10)
  An earth elemental (Orc:2)
  4 water moccasin zombies
  4 scorpions
  48 killer bees
  11 wights
  8 howler monkeys
  4 electric eels
  3 bullfrog zombies
  4 centaur zombies
  7 crimson imps
  2 quasits
  22 orc priests
  14 hounds
  3 bullfrog skeletons
  6 jellies
  23 orc wizards
  2 centaur skeletons
  Natasha (D:4)
  41 worker ants
  7 iguanas
  A big kobold zombie (Ossuary)
  A hound zombie (D:7)
  2 human simulacra (D:14)
  A hound skeleton (D:8)
  2 mummies (Ossuary)
  A howler monkey zombie (D:9)
  10 gnolls
  A howler monkey skeleton (D:8)
  12 adders
  2 shadow imps
  An ooze (D:1)
  5 adder zombies
  2 adder skeletons
  A worm (D:4)
  2 dart slugs
  7 leopard geckos
  104 orcs
  2 ball pythons
  11 bats
  6 giant cockroaches
  A gnoll zombie (Ossuary)
  6 goblins
  3 hobgoblins
  16 jackals
  7 quokkas
  7 frilled lizards
  6 hobgoblin zombies (Ossuary)
  24 kobolds
  4 kobold zombies (Ossuary)
  5 orc zombies (Ossuary)
  A quokka skeleton (D:9)
  4 rats
928 creatures vanquished.

Vanquished Creatures (others)
  A centaur (Orc:2)
  6 fungi
  3 plants
10 creatures vanquished.

Grand Total: 938 creatures vanquished

Notes
Turn   | Place    | Note
-------+----------+-------------------------------------------
     0 | D:1      | Gorice the High Elf Air Elementalist began the quest for the Orb.
     0 | D:1      | Reached XP level 1. HP: 11/11 MP: 4/4
   353 | D:1      | Reached skill level 2 in Conjurations
   445 | D:1      | Reached XP level 2. HP: 17/17 MP: 1/6
   700 | D:1      | Reached skill level 3 in Conjurations
  1096 | D:2      | Reached XP level 3. HP: 21/21 MP: 5/7
  1160 | D:2      | Reached skill level 4 in Air Magic
  1165 | D:2      | Learned a level 2 spell: Repel Missiles
  1168 | D:2      | Learned a level 2 spell: Swiftness
  2108 | D:2      | Reached XP level 4. HP: 27/27 MP: 2/8
  2471 | D:3      | Reached skill level 4 in Conjurations
  2789 | D:3      | Noticed a hungry ghost
  2863 | D:3      | Learned a level 3 spell: Static Discharge
  2951 | D:4      | Reached skill level 5 in Air Magic
  2951 | D:4      | Reached XP level 5. HP: 31/31 MP: 2/10
  3144 | D:4      | Reached skill level 3 in Spellcasting
  3356 | D:4      | Noticed Eustachio
  3416 | D:4      | HP: 6/31 [quokka[Eustachio] (5)]
  3418 | D:4      | HP: 1/31 [Eustachio/falchion of pain (3)]
  3421 | D:4      | Killed Eustachio
  3421 | D:4      | Reached skill level 5 in Conjurations
  3421 | D:4      | Reached skill level 6 in Air Magic
  3421 | D:4      | Reached XP level 6. HP: 17/36 MP: 2/12
  3633 | D:4      | Noticed Natasha
  3637 | D:4      | Killed Natasha
  4136 | D:5      | Entered Level 5 of the Dungeon
  4144 | D:5      | Reached XP level 7. HP: 41/41 MP: 7/13
  4243 | D:5      | Found a sand-covered staircase.
  4302 | D:5      | Got an ichor-stained mace
  4329 | D:5      | Reached skill level 4 in Spellcasting
  4329 | D:5      | Reached skill level 6 in Conjurations
  4329 | D:5      | Reached skill level 7 in Air Magic
  4370 | D:5      | Found a bloodstained altar of Trog.
  4375 | D:5      | Found a basalt altar of Yredelemnul.
  4382 | D:5      | Found a shimmering altar of Xom.
  4479 | Ossuary  | Entered an ossuary
  5357 | Ossuary  | Upgraded the game from 0.20-a0-201-g851c6fa to 0.20-a0-208-g55166f7
  5374 | D:5      | Reached XP level 8. HP: 45/46 MP: 10/15
  5571 | D:5      | Noticed Grinder
  5579 | D:5      | Killed Grinder
  5579 | D:5      | Reached skill level 7 in Conjurations
  5579 | D:5      | Reached skill level 8 in Air Magic
  5946 | D:5      | Reached skill level 5 in Spellcasting
  6274 | D:6      | Found Seduskea's Antique Armour Shoppe.
  6278 | D:6      | Reached skill level 9 in Air Magic
  6291 | D:6      | Bought a pair of embroidered boots for 220 gold pieces
  6321 | D:6      | Found an iron altar of Okawaru.
  6429 | D:6      | Found a blossoming altar of Fedhas.
  6477 | D:6      | Reached skill level 8 in Conjurations
  6482 | D:6      | HP: 9/46 [electric eel/bolt of electricity (7)]
  6725 | D:6      | Found an ancient bone altar of Kikubaaqudgha.
  6977 | D:6      | Reached XP level 9. HP: 38/51 MP: 7/18
  6984 | D:6      | Learned a level 5 spell: Lightning Bolt
  7365 | D:6      | Reached skill level 6 in Spellcasting
  7840 | D:6      | Reached skill level 10 in Air Magic
  8037 | D:7      | Reached skill level 9 in Conjurations
  8597 | D:7      | Found a staircase to the Ecumenical Temple.
  8604 | Temple   | Entered the Ecumenical Temple
  8662 | Temple   | Became a worshipper of Sif Muna the Loreminder
  8761 | D:7      | Got a distressingly furry leather armour
  8772 | D:7      | Identified the +2 leather armour "Xawiptiu" {*Corrode +Fly Dex+2} (You found it on level 7 of the Dungeon)
  8959 | D:7      | Reached skill level 1 in Shields
  9113 | D:7      | Identified a scroll of acquirement
  9114 | D:7      | Got a translucent arbalest
  9120 | D:7      | Identified the +11 arbalest of Trauma {freeze, Str+5} (You acquired it on level 7 of the Dungeon)
  9147 | D:8      | Found Poteliu's Book Shoppe.
  9207 | D:8      | Reached skill level 7 in Spellcasting
  9219 | D:8      | Reached skill level 10 in Conjurations
  9408 | D:8      | Reached skill level 2 in Shields
  9408 | D:8      | Reached skill level 11 in Air Magic
  9445 | D:8      | Reached * piety under Sif Muna
  9445 | D:8      | Reached XP level 10. HP: 34/56 MP: 11/21
  9626 | D:8      | HP: 16/56 [electric eel/bolt of electricity (4)]
  9904 | D:8      | Reached skill level 3 in Shields
  9923 | D:8      | Reached skill level 4 in Shields
  9972 | D:8      | Noticed a death yak
 10085 | D:8      | Reached skill level 1 in Fighting
 10118 | D:8      | Reached skill level 8 in Spellcasting
 10213 | D:8      | Killed a death yak
 10213 | D:8      | Reached skill level 3 in Fighting
 10213 | D:8      | Reached skill level 3 in Dodging
 10308 | D:8      | Reached skill level 4 in Fighting
 10310 | D:8      | Reached skill level 4 in Dodging
 10763 | D:8      | Reached skill level 5 in Fighting
 10823 | D:8      | Reached ** piety under Sif Muna
 10831 | D:8      | HP: 16/66 [vampire/vampiric draining (16)]
 10831 | D:8      | HP: 5/66 [vampire/vampiric draining (11)]
 10841 | D:8      | Reached XP level 11. HP: 31/72 MP: 19/24
 11221 | D:9      | Learned a level 2 spell: Blink
 11226 | D:9      | Learned a level 3 spell: Conjure Flame
 11297 | D:9      | Noticed a hill giant
 11304 | D:9      | Killed a hill giant
 11304 | D:9      | Reached skill level 5 in Dodging
 11304 | D:9      | Reached skill level 9 in Spellcasting
 11334 | D:9      | Reached skill level 6 in Fighting
 11552 | D:9      | Reached skill level 1 in Armour
 11555 | D:9      | Found a roughly hewn altar of Beogh.
 11557 | D:9      | Found a staircase to the Orcish Mines.
 12022 | D:9      | Identified a +0 rod of clouds (10/10) (You found it on level 9 of the Dungeon)
 12357 | D:9      | Reached skill level 2 in Armour
 12453 | D:10     | Entered Level 10 of the Dungeon
 12812 | D:10     | Found an ancient bone altar of Kikubaaqudgha.
 12864 | D:10     | Noticed a hill giant
 12867 | D:10     | Reached skill level 7 in Fighting
 12875 | D:10     | Killed a hill giant
 12875 | D:10     | Reached skill level 6 in Dodging
 13140 | D:10     | Found a staircase to the Lair.
 13251 | D:10     | Noticed a hill giant
 13267 | D:10     | Killed a hill giant
 13404 | D:10     | Reached skill level 3 in Armour
 13450 | Lair:1   | Entered Level 1 of the Lair of Beasts
 13450 | Lair:1   | Noticed an oklob plant
 13450 | Lair:1   | Noticed an oklob plant
 13486 | Lair:1   | Reached skill level 8 in Fighting
 13517 | Lair:1   | Reached skill level 1 in Crossbows
 13778 | Lair:1   | Reached skill level 2 in Crossbows
 13884 | Lair:1   | Reached skill level 7 in Dodging
 13915 | Lair:1   | HP: 21/78 [killer bee (8)]
 14202 | Lair:1   | Reached XP level 12. HP: 29/84 MP: 3/26
 14509 | Lair:1   | Reached skill level 9 in Fighting
 14678 | Lair:1   | Reached skill level 3 in Crossbows
 15122 | Lair:2   | Found a hole to the Spider Nest.
 15277 | Lair:2   | Found a staircase to the Swamp.
 15305 | Lair:2   | Reached skill level 8 in Dodging
 15431 | Lair:2   | Reached skill level 10 in Fighting
 15431 | Lair:2   | Reached skill level 4 in Crossbows
 15542 | Lair:2   | Noticed a four-headed hydra
 15553 | Lair:2   | Killed a four-headed hydra
 15717 | Lair:2   | Noticed a queen ant
 15726 | Lair:2   | Killed a queen ant
 16059 | Lair:2   | Reached skill level 5 in Crossbows
 16225 | Lair:3   | Reached *** piety under Sif Muna
 16232 | Lair:3   | Reached skill level 9 in Dodging
 16242 | Lair:3   | Found a labyrinth entrance.
 16274 | Lab      | Entered a labyrinth
 16484 | Lab      | Noticed a minotaur
 16492 | Lab      | Killed a minotaur
 16492 | Lab      | Reached skill level 11 in Fighting
 17125 | Lair:4   | Reached skill level 6 in Crossbows
 17339 | Lair:4   | Noticed a seven-headed hydra
 17345 | Lair:4   | Killed a seven-headed hydra
 17345 | Lair:4   | Reached XP level 13. HP: 80/95 MP: 18/27
 17672 | Lair:5   | HP: 28/95 [acid (17)]
 17672 | Lair:5   | HP: 7/95 [acid (15)]
 17764 | Lair:1   | Learned a level 1 spell: Apportation
 18071 | Orc:1    | Entered Level 1 of the Orcish Mines
 18075 | Orc:1    | Noticed Erolcha
 18081 | Orc:1    | Killed Erolcha
 18120 | Orc:1    | Noticed Snorg
 18125 | Orc:1    | Killed Snorg
 18522 | D:6      | Bought a pair of runed gloves for 220 gold pieces
 18636 | Orc:2    | Entered Level 2 of the Orcish Mines
 18736 | Orc:1    | Noticed an orc warlord
 18974 | Orc:1    | HP: 26/96 [orc priest/divine providence[an orc knight] (16)]
 18975 | Orc:1    | HP: 1/96 [orc warrior/mace[an orc warlord] (26)]
 19120 | Orc:2    | Reached skill level 12 in Fighting
 19182 | Orc:2    | Reached skill level 10 in Dodging
 19206 | Orc:2    | Found a staircase to the Elven Halls.
 19333 | Orc:2    | Reached skill level 7 in Crossbows
 19627 | Orc:2    | Found Onenkomi's Armour Emporium.
 19627 | Orc:2    | Found Wonelaji's Magic Scroll Shop.
 19633 | Orc:2    | Found Bomuk's Jewellery Boutique.
 19635 | Orc:2    | Found Vavun's Distillery.
 19643 | Orc:2    | Bought a scroll of identify for 34 gold pieces
 19643 | Orc:2    | Bought a scroll of identify for 34 gold pieces
 19655 | Orc:2    | Bought a +2 pair of gloves of archery for 301 gold pieces
 19772 | Orc:2    | Found a roughly hewn altar of Beogh.
 20359 | Orc:1    | Killed an orc warlord
 20359 | Orc:1    | Reached skill level 13 in Fighting
 20367 | Orc:1    | Reached skill level 8 in Crossbows
 20594 | Orc:2    | Bought an uncursed ring of see invisible for 225 gold pieces
 20594 | Orc:2    | Bought an uncursed ring of resist corrosion for 300 gold pieces
 20598 | Orc:2    | Upgraded the game from 0.20-a0-208-g55166f7 to 0.20-a0-210-gd6c29eb
 20940 | Lair:5   | Reached skill level 11 in Dodging
 21056 | Lair:5   | Found a viscous altar of Jiyva.
 21056 | Lair:5   | Found a staircase to the Slime Pits.
 21094 | Lair:5   | Reached XP level 14. HP: 106/106 MP: 28/28
 21510 | Lair:6   | Entered Level 6 of the Lair of Beasts
 21646 | Lair:6   | Reached skill level 14 in Fighting
 21671 | Lair:6   | Reached **** piety under Sif Muna
 21700 | Lair:6   | HP: 30/108 [blink frog (7)]
 21938 | Lair:6   | Reached skill level 9 in Crossbows
 22314 | Lair:6   | Reached skill level 12 in Dodging
 22441 | Lair:6   | Reached skill level 15 in Fighting
 22772 | D:6      | Bought a brightly glowing scale mail for 189 gold pieces
 22782 | D:6      | Identified the cursed +1 scale mail of Dithmenos's Favour {MR+} (You bought it in a shop on level 6 of the Dungeon)
 23334 | D:11     | Reached skill level 10 in Crossbows
 23583 | D:12     | Noticed Sonja
 23589 | D:12     | Killed Sonja
 23684 | D:12     | Noticed Urug
 23692 | D:12     | Killed Urug
 23818 | D:12     | Noticed murphy's ghost (journeyman TrWn)
 23832 | D:12     | Killed murphy's ghost
 23832 | D:12     | Reached XP level 15. HP: 45/116 MP: 29/29
 24508 | D:13     | Reached skill level 13 in Dodging
 24718 | D:13     | Found a gate to the Vaults.
 24724 | D:13     | Reached skill level 11 in Crossbows
 25594 | D:13     | Got a slimy marble ring
 25598 | D:13     | Identified the ring "Rass" {*Contam rN+ Str+7 Stlth+} (You found it on level 13 of the Dungeon)
 26555 | D:13     | HP: 12/116 [very large slime creature (48)]
 26560 | D:13     | HP: 33/116 [slime creature (3)]
 26792 | D:14     | Found Pysewk's Weapon Shop.
 26941 | D:14     | Reached skill level 14 in Dodging
 27156 | D:14     | Reached skill level 12 in Crossbows
 27895 | D:15     | Entered Level 15 of the Dungeon
 27897 | D:15     | Noticed Rupert
 27905 | D:15     | Killed Rupert
 28495 | D:15     | Noticed Louise
 28504 | D:15     | Killed Louise
 28649 | D:15     | Found a staircase to the Depths.
 28649 | D:15     | Noticed a frost giant
 28656 | D:15     | Killed from afar by a frost giant

Vault maps used:
D:1:      scummos_arrival_simple_fountains, minmay_pentomino_z4
D:2:      kennysheep_pointless_box
D:3:      lightli_corner_chamber
D:4:      first_bread, uniq_natasha, uniq_eustachio
D:5:      grunt_temple_overflow_diamond, nicolae_ossuary_entry_false_entrances,
          dk_vineyard_2, uniq_grinder
D:6:      cheibrodos_two_vegetables, lemuel_coloured_pillars_altar,
          okawaru_gym_becter, serial_shops, shop_statue, basic_altar,
          nicolae_underground_beach
D:7:      st_stairs_4
D:8:      argonaut_augean_stables, serial_shops, nicolae_shop_stone
D:9:      david_orc_5, grunt_ogre_cave
D:10:     lair_entry_dummy, basic_altar
D:12:     uniq_sonja, uniq_urug
D:13:     wad_mega_maze, grunt_vaults_entry_fortified
D:14:     serial_shops, shop, kennysheep_cross_room, bh_circular_ruins
D:15:     grunt_enter_depths_snipers, serial_glass, glass_columns_a,
          glass_columns_b, uniq_louise, uniq_rupert
Temple:   nicolae_temple_x_marks_the_god
Lair:1:   serial_bayou_shore_a, grunt_megastairs_4, minmay_lair_oklob_chamber
Lair:2:   minmay_swamp_entry_worms, dummy_spider_entry, zaba_antful_of_joy
Lair:3:   lab_entry_generic
Lair:5:   dpeg_oklob_shooting_range, dpeg_slime_entry_enclosed_altar,
          gammafunk_lair_bear_cave
Lair:6:   minmay_lair_end_enchanted_forest
Orc:1:    uniq_snorg, uniq_erolcha
Orc:2:    st_orc_rangers, minmay_orc_temple_c
Lab:      labyrinth_mini_lab, labyrinth_glass_1, nicolae_lab_garden,
          nicolae_lab_big_swirl, nicolae_lab_stuck, labyrinth_skeletal_remains
Ossuary:  ossuary_tomb_2

Skill      XL: |  1  2  3  4  5  6  7  8  9 10 11 12 13 14 15 |
---------------+----------------------------------------------+-----
Conjurations   | 2 3 4 5 6 8 10 | 10.0
Air Magic      | 4 5 6 7 9 11 | 11.1
Spellcasting   | 3 4 5 7 8 9 |  9.1
Shields        | 2 4 |  4.1
Fighting       | 5 8 11 13 15 | 15.0
Dodging        | 4 7 9 11 12 14 | 14.8
Armour         | 3 |  3.0
Crossbows      | 2 6 8 10 12 | 12.7
Stealth        | |  2.1

Action                   |  1- 3 |  4- 6 |  7- 9 | 10-12 | 13-15 || total
-------------------------+-------+-------+-------+-------+-------++-------
Melee: Rapier            |       |    23 |       |       |       ||    23
       Falchion          |       |    12 |    80 |       |       ||    92
       Arbalest          |       |       |       |     1 |       ||     1
 Fire: Arbalest          |       |       |    26 |   549 |  1037 ||  1612
Throw: Javelin           |       |     4 |       |       |       ||     4
       Tomahawk          |       |     4 |       |       |       ||     4
       Throwing net      |       |     1 |       |       |     1 ||     2
 Cast: Shock             |    75 |   135 |   301 |     4 |     2 ||   517
       Repel Missiles    |     2 |       |     1 |     2 |     6 ||    11
       Static Discharge  |       |     2 |    11 |    56 |    72 ||   141
       Lightning Bolt    |       |       |     2 |    19 |       ||    21
       Conjure Flame     |       |       |       |    26 |     4 ||    30
Invok: Divine Energy     |       |       |       |     1 |       ||     1
       Stop Divine Energ |       |       |       |     1 |       ||     1
Evoke: Wand              |       |       |       |     6 |     3 ||     9
  Use: Scroll            |     6 |    11 |     7 |     7 |     9 ||    40
       Potion            |       |     3 |     1 |       |     2 ||     6
 Stab: Distracted        |       |       |     1 |       |       ||     1
       Sleeping          |       |       |     1 |       |       ||     1
  Eat: Chunk             |     4 |     6 |    13 |    23 |    32 ||    78
       Meat ration       |       |       |     1 |       |       ||     1
       Royal jelly       |       |       |       |     3 |       ||     3
       Beef jerky        |       |       |       |       |     1 ||     1
       Pizza             |       |       |       |       |     1 ||     1
Armor: Robe              |     7 |    16 |    83 |    26 |       ||   132
       Leather armour    |       |       |       |    78 |     1 ||    79
       Troll leather arm |       |       |       |    19 |   136 ||   155
Dodge: Dodged            |    25 |    95 |   169 |   258 |   569 ||  1116
       Deflected         |     2 |     1 |     3 |     7 |    30 ||    43
Block: Buckler           |       |       |     4 |       |       ||     4
       Other             |       |       |       |    15 |    43 ||    58
       Reflection        |       |       |       |       |    10 ||    10
       Rpst.: Falchion   |       |     3 |    46 |       |       ||    49

Table legend:
 A = Turns spent in this place as a percentage of turns spent in the entire game.
 B = Non-inter-level travel turns spent in this place as a percentage of non-inter-level travel turns spent in the entire game.
 C = Inter-level travel turns spent in this place as a percentage of turns spent in this place.
 D = Turns resting spent in this place as a percentage of non-inter-level travel turns spent in this place.
 E = Turns spent auto-exploring this place as a percentage of non-inter-level travel turns spent in this place.
 F = Non-inter-level travel turns spent in this place divided by the number of levels of this place that you've seen.
                   A       B       C       D       E      F
               +-------+-------+-------+-------+-------+----------------------
         Total | 100.0 | 100.0 |   0.6 |   2.9 |   4.3 | 412.5
       Dungeon |  61.4 |  61.4 |   0.6 |   3.2 |   5.1 | 438.9
        Temple |   0.6 |   0.6 |   0.0 |   0.0 |   0.0 |  69.0
          Lair |  23.6 |  23.5 |   0.7 |   1.7 |   4.0 | 420.7
  Orcish Mines |  10.0 |  10.0 |   0.8 |   2.7 |   2.2 | 537.5
     Labyrinth |   2.3 |   2.3 |   0.0 |   0.8 |   0.0 | 246.0
       Ossuary |   2.1 |   2.1 |   0.0 |  11.8 |   0.0 | 228.0
               +-------+-------+-------+-------+-------+----------------------

Vault maps used:
D:1:      scummos_arrival_simple_fountains, minmay_pentomino_z4
D:2:      kennysheep_pointless_box
D:3:      lightli_corner_chamber
D:4:      first_bread, uniq_natasha, uniq_eustachio
D:5:      grunt_temple_overflow_diamond, nicolae_ossuary_entry_false_entrances,
          dk_vineyard_2, uniq_grinder
D:6:      cheibrodos_two_vegetables, lemuel_coloured_pillars_altar,
          okawaru_gym_becter, serial_shops, shop_statue, basic_altar,
          nicolae_underground_beach
D:7:      st_stairs_4
D:8:      argonaut_augean_stables, serial_shops, nicolae_shop_stone
D:9:      david_orc_5, grunt_ogre_cave
D:10:     lair_entry_dummy, basic_altar
D:12:     uniq_sonja, uniq_urug
D:13:     wad_mega_maze, grunt_vaults_entry_fortified
D:14:     serial_shops, shop, kennysheep_cross_room, bh_circular_ruins
D:15:     grunt_enter_depths_snipers, serial_glass, glass_columns_a,
          glass_columns_b, uniq_louise, uniq_rupert
Temple:   nicolae_temple_x_marks_the_god
Lair:1:   serial_bayou_shore_a, grunt_megastairs_4, minmay_lair_oklob_chamber
Lair:2:   minmay_swamp_entry_worms, dummy_spider_entry, zaba_antful_of_joy
Lair:3:   lab_entry_generic
Lair:5:   dpeg_oklob_shooting_range, dpeg_slime_entry_enclosed_altar,
          gammafunk_lair_bear_cave
Lair:6:   minmay_lair_end_enchanted_forest
Orc:1:    uniq_snorg, uniq_erolcha
Orc:2:    st_orc_rangers, minmay_orc_temple_c
Lab:      labyrinth_mini_lab, labyrinth_glass_1, nicolae_lab_garden,
          nicolae_lab_big_swirl, nicolae_lab_stuck, labyrinth_skeletal_remains
Ossuary:  ossuary_tomb_2
